 Dungeon Crawl Stone Soup version 0.20.1-1-g8b1a95d (webtiles) character file.

870 Linguinho the Shield-Bearer (level 7, -5/54 HPs)
             Began as a Demonspawn Fighter on Nov 11, 2017.
             Was a Believer of Cheibriados.
             Killed by nerve-wracking pain
             ... invoked by Menkaure
              (11 damage)
             ... on level 6 of the Dungeon.
             The game lasted 00:06:44 (3866 turns).

Linguinho the Shield-Bearer (Demonspawn Fighter)    Turns: 3866, Time: 00:06:45

Health: -5/54      AC: 17    Str: 23    XL:     7   Next: 73%
Magic:  7/7        EV:  9    Int: 14    God:    Cheibriados [**....]
Gold:   233        SH: 10    Dex: 18    Spells: 6/6 levels left

rFire    . . .     SeeInvis .   j - +2 mace (protect)
rCold    . . .     Gourm    .   c - +0 shield
rNeg     . . .     Faith    .   b - +0 scale mail
rPois    .         Spirit   .   (no helmet)
rElec    .         Reflect  .   (no cloak)
rCorr    .         Harm     .   z - +0 pair of gloves
MR       .....                  (no boots)
Stlth    ++........             (no amulet)
Regen    0.2/turn               (no ring)
MPRegen  0.1/turn               (no ring)

@: sanguine armour, very slow
A: nightstalker 1, spiny 1, sanguine armour 2
a: Bend Time, Renounce Religion


You were on level 6 of the Dungeon.
You worshipped Cheibriados.
Cheibriados was pleased with you.
You were hungry.

You visited 1 branch of the dungeon, and saw 6 of its levels.

You collected 233 gold pieces.

Inventory:

Hand Weapons
 a - a +0 war axe
 j - a +2 mace of protection (weapon)
Armour
 b - a +0 scale mail (worn)
 c - a +0 shield (worn)
 z - a +0 pair of gloves (worn)
Jewellery
 r - an uncursed ring of ice {unknown}
 t - an uncursed ring of protection from fire {unknown}
 B - an uncursed ring of poison resistance {unknown}
 F - an uncursed ring of flight {unknown}
Scrolls
 e - 4 scrolls of enchant weapon {unknown}
 g - 2 scrolls of magic mapping {unknown}
 i - 2 scrolls of noise {unknown}
 k - 2 scrolls of remove curse {unknown}
 l - 3 scrolls of identify {unknown}
 o - a scroll of fog {unknown}
 u - a scroll of amnesia {unknown}
 v - a scroll of immolation {unknown}
 y - a scroll of fear {unknown}
 A - 4 scrolls of enchant armour {unknown}
 C - 2 scrolls of teleportation {unknown}
 D - a scroll of blinking {unknown}
Potions
 d - 2 potions of might
 h - a potion of lignification {unknown}
 m - 2 potions of ambrosia {unknown}
 p - a potion of mutation {unknown}
 q - 6 potions of curing {unknown}
 w - 3 potions of agility {unknown}
 x - a potion of heal wounds {unknown}
 E - 4 potions of flight {unknown}
 G - a potion of haste {unknown}
Comestibles
 f - 3 bread rations
 n - 3 meat rations
 s - 2 royal jellies


   Skills:
 + Level 4.1 Fighting
 + Level 2.1(3.5) Axes
 + Level 4.3(4.5) Maces & Flails
 + Level 4.1 Armour
 + Level 1.9 Dodging
 * Level 2.5 Stealth
 + Level 4.4 Shields


You had 6 spell levels left.
You didn't know any spells.

Dungeon Overview and Level Annotations

Branches:
Dungeon (6/15)
 Temple: D:4-7

Altars:
Cheibriados
Dithmenos
Elyvilon
Kikubaaqudgha
Vehumet
Xom

Shops:
D:4 *

Annotations:
D:6 Menkaure


Innate Abilities, Weirdness & Mutations

You are slightly more attuned to the shadows.
You are partially covered in sharp spines.
When seriously injured, your bleeding wounds create thick armour. (AC +9)


Message History

You kill the hound!
Cheibriados appreciates the change of pace.
Menkaure points at you and mumbles some strange words.
Pain shoots through your body!
* * * LOW HITPOINT WARNING * * *
The shadow imp shouts, "Get thee gone, thou weedy ditch-delivered reprobate!"
The shadow imp puffs mist at you.
Menkaure gestures at you while chanting.
You struggle to resist.
Menkaure casts a spell.
Menkaure seems to speed up.
Menkaure calls on the powers of darkness!
Your body is wracked with pain!
* * * LOW HITPOINT WARNING * * *
There is a stone staircase leading down here.
Menkaure blazes with dark energy!
Menkaure hits you but does no damage. Menkaure casts a spell at you.
Pain shoots through your body!
You die...

.. .. #.### ..
#.#.## #.#
#.#.###.##
....#...##
##.#.....###
#..........#
#..#.....#.#####
#M.##.5M.@......
#..###.########.
#..# ### #..#
#..# #..# #..#
####..###$#
#.........#


You could see Menkaure and a shadow imp.

Vanquished Creatures
  A phantom (D:4)
  2 centaurs (D:5)
  A scorpion (D:4)
  A bullfrog zombie (D:5)
  2 hounds
  A jelly (D:5)
  2 bullfrog skeletons
  A centaur skeleton (D:4)
  Jessica (D:3)
  An iguana (D:5)
  4 worker ants
  A hound zombie (D:5)
  4 gnolls (D:2)
  A howler monkey skeleton (D:3)
  7 adders
  A shadow imp (D:6)
  2 adder skeletons
  4 worms
  4 dart slugs
  3 leopard geckos
  2 orcs (D:5)
  9 bats
  5 giant cockroaches
  5 goblins
  3 hobgoblins
  7 jackals
  11 kobolds
  A quokka (D:1)
  2 ball pythons
  4 frilled lizards
  4 rats
97 creatures vanquished.

Notes
Turn   | Place    | Note
-------+----------+-------------------------------------------
     0 | D:1      | Linguinho the Demonspawn Fighter began the quest for the Orb.
     0 | D:1      | Reached XP level 1. HP: 18/18 MP: 1/1
   107 | D:1      | Gained mutation: When seriously injured, your bleeding wounds create armour. (AC +9) [demonic ancestry]
   107 | D:1      | Reached XP level 2. HP: 21/24 MP: 2/2
   822 | D:1      | Reached XP level 3. HP: 29/29 MP: 3/3
  1208 | D:2      | Reached skill level 1 in Maces & Flails
  1208 | D:2      | Reached XP level 4. HP: 10/35 MP: 4/4
  1401 | D:2      | Found a white marble altar of Elyvilon.
  1482 | D:2      | Found a snail-covered altar of Cheibriados.
  1482 | D:2      | Found a radiant altar of Vehumet.
  1512 | D:2      | Became a worshipper of Cheibriados the Contemplative
  1660 | D:3      | Found a shadowy altar of Dithmenos.
  1766 | D:3      | Noticed Jessica
  1775 | D:3      | Gained mutation: You are slightly more attuned to the shadows. [demonic ancestry]
  1775 | D:3      | Reached XP level 5. HP: 41/41 MP: 5/5
  1783 | D:3      | Killed Jessica
  1858 | D:3      | Reached * piety under Cheibriados
  2106 | D:3      | Found an ancient bone altar of Kikubaaqudgha.
  2180 | D:4      | Found Lebarufa's Assorted Antiques.
  2232 | D:4      | Gained mutation: You are partially covered in sharp spines. [demonic ancestry]
  2232 | D:4      | Reached XP level 6. HP: 18/47 MP: 6/6
  2534 | D:4      | Reached skill level 1 in Stealth
  2571 | D:4      | Reached skill level 1 in Dodging
  2836 | D:5      | Entered Level 5 of the Dungeon
  3074 | D:5      | Gained mutation: When seriously injured, your bleeding wounds create thick armour. (AC +9) [demonic ancestry]
  3074 | D:5      | Reached XP level 7. HP: 53/53 MP: 7/7
  3093 | D:5      | Reached ** piety under Cheibriados
  3649 | D:5      | Found a shimmering altar of Xom.
  3844 | D:6      | Noticed Menkaure
  3866 | D:6      | Killed from afar by Menkaure

Skill      XL: |  1  2  3  4  5  6  7 |
---------------+----------------------+-----
Shields        | 3 4 |  4.4
Axes           | 2 |  2.1
Armour         | 3 4 |  4.1
Maces & Flails | 1 2 3 4 |  4.3
Stealth        | 1 2 |  2.5
Dodging        | 1 |  1.9
Fighting       | 4 |  4.1

Action                   |  1- 3 |  4- 6 |  7- 9 || total
-------------------------+-------+-------+-------++-------
Melee: War axe           |    37 |       |       ||    37
       Mace              |    57 |   170 |    61 ||   288
 Stab: Sleeping          |       |     2 |     1 ||     3
  Eat: Chunk             |       |     5 |     1 ||     6
Armor: Scale mail        |    48 |    85 |    40 ||   173
Dodge: Dodged            |    31 |    56 |    18 ||   105
Block: Shield            |    51 |   104 |    43 ||   198
